 Dungeon Crawl Stone Soup version 0.20.0-10-g0535bb4 (webtiles) character file.

6731 miragecloak the Martial Artist (level 11, -6/85 (86) HPs)
             Began as an Octopode Transmuter on June 7, 2017.
             Was a Follower of Ashenzari.
             Mangled by a two-headed ogre
             ... wielding a +0 giant club
              (14 damage)
             ... on level 7 of the Dungeon.
             The game lasted 00:19:55 (11902 turns).

miragecloak the Martial Artist (OpTm)              Turns: 11902, Time: 00:19:56

HP:   -6/85 (86)    AC:  6    Str:  9    XL:     11   Next: 4%
MP:   13/17         EV: 10    Int: 13    God:    Ashenzari [*.....]
Gold: 492           SH:  0    Dex: 15    Spells: 11/19 levels left

rFire    x . .     SeeInvis .     - Unarmed
rCold    + + +     Gourm    .   (shield currently unavailable)
rNeg     . . .     Faith    .   (helmet currently unavailable)
rPois    +         Spirit   .   (no amulet)
rElec    .         Reflect  .   (no ring)
rCorr    .         Harm     .   (no ring)
MR       .....                  (no ring)
Stlth    +++.......             (no ring)
Regen    0.3/turn               (no ring)
MPRegen  0.2/turn               (no ring)
                                (no ring)
                                (no ring)

@: ice-form
A: almost no armour, stealthy swim, amphibious, 8 rings, (constrict 8), dopey 1,
sense surroundings 1, screaming 2, weak 1
a: End Transformation, Curse Item, Scrying, Renounce Religion


You were on level 7 of the Dungeon.
You worshipped Ashenzari.
Ashenzari was aware of your devotion.
You were not hungry.
You were a creature of crystalline ice.
You visited 2 branches of the dungeon, and saw 12 of its levels.
You also visited: Ossuary.

You collected 492 gold pieces.

Inventory:

Hand Weapons
 G - a cursed +0 giant spiked club
Missiles
 a - 189 arrows
Wands
 B - a wand of iceblast (8/15)
 D - a wand of polymorph (3/24)
 F - a wand of paralysis (7/24)
 H - a wand of iceblast (5/15)
Scrolls
 e - 6 scrolls of remove curse
 g - a scroll of vulnerability {unknown}
 h - 4 scrolls of enchant armour
 i - a scroll of blinking {unknown}
 j - 5 scrolls of teleportation
 l - 4 scrolls of recharging
 p - 3 scrolls of enchant weapon
 q - 2 scrolls of fear
 s - a scroll of random uselessness {unknown}
 w - a scroll of brand weapon
 y - 2 scrolls of magic mapping {unknown}
 E - a scroll of amnesia {unknown}
Potions
 d - a potion of might {unknown}
 k - 3 potions of agility
 m - 3 potions of heal wounds
 n - 3 potions of lignification
 o - a potion of magic {unknown}
 t - a potion of brilliance {unknown}
 v - a potion of haste {unknown}
 x - 2 potions of ambrosia {unknown}
 z - 3 potions of cancellation
 A - a potion of resistance {unknown}
 C - a potion of invisibility {unknown}
 I - a potion of curing
Books
 b - a book of Changes

   Spells                             Type                      Level
   a - Beastly Appendage              Transmutation                1
   b - Sticks to Snakes               Transmutation                2
   c - Spider Form                    Transmutation/Poison         3
   d - Ice Form                       Ice/Transmutation            4
   e - Blade Hands                    Transmutation                5
Comestibles
 c - 6 bread rations
 f - a royal jelly
 r - 4 meat rations
 u - 3 fruits
 J - 3 chunks of flesh


   Skills:
 * Level 5.7 Fighting
 - Level 2.0 Dodging
 - Level 5.3 Stealth
 + Level 11.0 Unarmed Combat
 - Level 4.5 Spellcasting
 - Level 8.1 Transmutations
 - Level 4.3 Ice Magic
 - Level 3.1 Poison Magic


You had 11 spell levels left.
You knew the following spells:

 Your Spells              Type           Power        Failure   Level  Hunger
a - Beastly Appendage     Tmut           ###...       1%          1    None
b - Spider Form           Tmut/Pois      ###.......   5%          3    ###....
c - Ice Form              Ice/Tmut       ###.....     16%         4    ####...


Dungeon Overview and Level Annotations

Branches:
Dungeon (11/15)            Temple (1/1) D:7            Lair (0/6) D:8
    Orc: D:9-12

Altars:
Ashenzari
Cheibriados
Dithmenos
Elyvilon
Gozag
Hepliaklqana
Makhleb
Nemelex Xobeh
Qazlal
Ru
Sif Muna
Uskayaw
Vehumet
Xom
Yredelemnul
Zin

Portals:
Trove: D:10 (give +7 demon whip)

Annotations:
D:8 Erica
D:9 exclusion: two-headed ogre
D:10 exclusion: two-headed ogre
D:11 Sonja


Innate Abilities, Weirdness & Mutations

You cannot wear most types of armour.
You are very stealthy in the water. (Stealth+)
You are amphibious.
You can wear up to eight rings at the same time.
((You can use your tentacles to constrict eight enemies at once.))
((Your skin changes colour to match your surroundings (Stealth+).))
((Your rubbery body absorbs attacks. (AC +1, EV +1)))
((You are partially covered in large bone plates. (SH +4)))
((You are mostly covered in molten scales. (AC +3)))
You are dopey. (Int -2)
You passively map a small area around you.
((Your system is resistant to poisons. (rPois)))
You sometimes yell uncontrollably at your foes.
You are weak. (Str -2)


Message History

You barely miss the two-headed ogre.
The two-headed ogre is moderately wounded.
The bullfrog hits you but does no damage.
The bullfrog hits you!
* * * LOW HITPOINT WARNING * * *
You hit the two-headed ogre. You freeze the two-headed ogre.
The two-headed ogre is heavily wounded.
The two-headed ogre closely misses you.
The two-headed ogre completely misses you.
The bullfrog hits you.
* * * LOW HITPOINT WARNING * * *
You hit the two-headed ogre. You freeze the two-headed ogre.
The two-headed ogre is heavily wounded.
The bullfrog barely misses you.
You punch the two-headed ogre! You freeze the two-headed ogre.
The two-headed ogre is almost dead.
The bullfrog hits you.
* * * LOW HITPOINT WARNING * * *
The two-headed ogre hits you with a giant club!
You die...

, #.........# ....
###..#.##.# .... *
##.#.##.# ....* #.......#
.... ### ###....#### ....
#.###.#.#..########## ..F.
#...................#
....###.###.#.#OF########.#
..........F.#...Y# #...#
...####...O.###### #...###
## ####### #.....# #.P.P.#
#.._..# #####.P.P.#
##.........# #<....##...#
##.#####..##


You could see a two-headed ogre and a bullfrog.

Vanquished Creatures
  Pikel (D:5)
  Prince Ribbit (D:7)
  A slime creature (D:9)
  Grinder (D:3)
  6 yaks (D:10)
  A wyvern (D:10)
  A spriggan (D:7)
  Edmund (D:5)
  2 water moccasins
  6 ice beasts
  4 sky beasts
  A slave (D:5)
  A hornet zombie (D:7)
  2 orc warriors (D:6)
  4 ogres
  A necrophage (D:8)
  6 centaurs
  A big kobold (D:10)
  5 bullfrogs
  9 scorpions
  3 howler monkeys
  5 crimson imps
  2 centaur zombies
  A jelly (D:10)
  2 bullfrog zombies
  6 hounds
  An orc priest (D:6)
  3 orc wizards
  5 iguanas
  8 worker ants
  12 mummies (Ossuary)
  2 worker ant zombies
  4 gnolls (D:6)
  4 adders
  An adder skeleton (D:5)
  3 worms
  3 leopard geckos
  16 orcs
  5 giant cockroaches
  4 goblins
  6 hobgoblins
  5 jackals
  15 kobolds
  7 quokkas
  A ball python (D:4)
  6 bats
  4 frilled lizards
  A gnoll skeleton (Ossuary)
  4 goblin skeletons (Ossuary)
  A kobold skeleton (Ossuary)
  A leopard gecko skeleton (D:6)
  2 orc skeletons (Ossuary)
  A quokka zombie (D:5)
  11 rat skeletons (Ossuary)
210 creatures vanquished.

Notes
Turn   | Place    | Note
-------+----------+-------------------------------------------
     0 | D:1      | miragecloak the Octopode Transmuter began the quest for the Orb.
     0 | D:1      | Reached XP level 1. HP: 13/13 MP: 3/3
   145 | D:1      | Reached XP level 2. HP: 12/18 MP: 3/5
   755 | D:2      | Reached XP level 3. HP: 3/23 MP: 3/6
   760 | D:2      | Learned a level 3 spell: Spider Form
   873 | D:2      | Found a radiant altar of Vehumet.
  1282 | D:2      | Reached skill level 1 in Poison Magic
  1357 | D:3      | Noticed a centaur
  1368 | D:3      | Killed a centaur
  1368 | D:3      | Reached XP level 4. HP: 27/28 MP: 2/7
  1368 | D:3      | Reached XP level 5. HP: 32/33 MP: 2/8
  1800 | D:3      | Noticed Grinder
  1810 | D:3      | Killed Grinder
  1810 | D:3      | Reached skill level 5 in Unarmed Combat
  1810 | D:3      | Reached XP level 6. HP: 37/38 MP: 6/9
  1924 | D:4      | Found a shadowy altar of Dithmenos.
  2177 | D:4      | Reached XP level 7. HP: 39/45 MP: 6/10
  2684 | D:5      | Entered Level 5 of the Dungeon
  2725 | D:5      | Found a sand-covered staircase.
  2734 | Ossuary  | Entered an ossuary
  2873 | Ossuary  | Reached skill level 6 in Unarmed Combat
  3529 | D:5      | Noticed Edmund
  3544 | D:5      | Killed Edmund
  3544 | D:5      | Reached skill level 7 in Unarmed Combat
  3620 | D:5      | Reached XP level 8. HP: 33/52 MP: 7/11
  4136 | D:5      | Reached skill level 8 in Unarmed Combat
  4336 | D:5      | Learned a level 4 spell: Ice Form
  4349 | D:5      | Noticed Pikel
  4352 | D:5      | Found a shimmering altar of Xom.
  4362 | D:5      | Killed Pikel
  4362 | D:5      | Reached skill level 9 in Unarmed Combat
  4934 | D:6      | Reached skill level 10 in Unarmed Combat
  4934 | D:6      | Reached XP level 9. HP: 16/56 MP: 9/12
  5502 | D:6      | Reached skill level 1 in Stealth
  6211 | D:6      | Reached skill level 11 in Unarmed Combat
  6284 | D:6      | Found a hazy altar of Hepliaklqana.
  6291 | D:6      | Found a glowing silver altar of Zin.
  6300 | D:6      | Gained mutation: You are partially covered in molten scales. (AC +2) [mutagenic meat]
  6301 | D:6      | Gained mutation: You occasionally shout uncontrollably at your foes. [mutagenic meat]
  6302 | D:6      | Gained mutation: You sometimes yell uncontrollably at your foes. [mutagenic meat]
  6303 | D:6      | Gained mutation: You are partially covered in large bone plates. (SH +4) [mutagenic meat]
  6347 | D:7      | Found a basalt altar of Yredelemnul.
  6355 | D:7      | Reached skill level 1 in Ice Magic
  6372 | D:7      | Noticed Prince Ribbit
  6485 | D:7      | Found a staircase to the Ecumenical Temple.
  6507 | Temple   | Entered the Ecumenical Temple
  6516 | Temple   | Became a worshipper of Ashenzari the Shackled
  6776 | D:7      | Gained mutation: You are mostly covered in molten scales. (AC +3) [mutagenic meat]
  6777 | D:7      | Gained mutation: You are dopey. (Int -2) [mutagenic meat]
  6778 | D:7      | Gained mutation: You are weak. (Str -2) [mutagenic meat]
  6780 | D:7      | Gained mutation: One of your tentacles bears a spike. [mutagenic meat]
  7071 | D:7      | HP: 2/58 [Prince Ribbit (12)]
  7077 | D:7      | Killed Prince Ribbit
  7077 | D:7      | Reached skill level 5 in Transmutations
  7077 | D:7      | Reached XP level 10. HP: 7/63 MP: 9/13
  7401 | D:7      | Noticed a two-headed ogre
  7620 | D:8      | Noticed Erica
  8171 | D:9      | Gained mutation: You passively map a small area around you. [mutagenic meat]
  8173 | D:9      | Lost mutation: One of your tentacles bears a spike. [mutagenic meat]
  8174 | D:9      | Gained mutation: Your system is resistant to poisons. (rPois) [mutagenic meat]
  8486 | D:9      | Noticed a two-headed ogre
  8916 | D:9      | Reached * piety under Ashenzari
  9258 | D:10     | Entered Level 10 of the Dungeon
  9420 | D:10     | Noticed a two-headed ogre
  9963 | D:10     | Found a portal to a secret trove of treasure.
 10175 | D:9      | HP: 2/74 [slime creature (7)]
 10176 | D:9      | Reached skill level 5 in Stealth
 11294 | D:10     | Reached skill level 5 in Fighting
 11308 | D:10     | Reached XP level 11. HP: 36/71 MP: 13/17
 11767 | D:11     | Noticed a green ugly thing
 11809 | D:11     | Noticed Sonja
 11902 | D:7      | Mangled by a two-headed ogre

Skill      XL: |  1  2  3  4  5  6  7  8  9 10 |
---------------+-------------------------------+-----
Transmutations | 3 4 5 8 |  8.1
Poison Magic   | 3 |  3.1
Unarmed Combat | 5 7 10 11 | 11.0
Fighting       | 2 3 4 5 |  5.7
Stealth        | 4 5 |  5.3
Ice Magic      | 3 4 |  4.3
Spellcasting   | 4 |  4.5
Dodging        | |  2.0

Action                   |  1- 3 |  4- 6 |  7- 9 | 10-12 || total
-------------------------+-------+-------+-------+-------++-------
Melee: Unarmed           |    58 |    55 |   329 |   189 ||   631
       Constrict         |    11 |       |    11 |     3 ||    25
       Kick              |     7 |       |       |       ||     7
       Tentacles         |     4 |       |     9 |     1 ||    14
       Punch             |     4 |       |     3 |     1 ||     8
 Cast: Beastly Appendage |    18 |       |       |       ||    18
       Spider Form       |     7 |    15 |    58 |    25 ||   105
       Ice Form          |       |       |       |     8 ||     8
 Abil: End Transformatio |       |       |       |     1 ||     1
  Use: Potion            |       |       |     5 |       ||     5
       Scroll            |       |       |       |    10 ||    10
 Stab: Sleeping          |     6 |     2 |     4 |     4 ||    16
       Distracted        |       |       |       |     1 ||     1
  Eat: Chunk             |     2 |     5 |    24 |    13 ||    44
       Bread ration      |       |       |     2 |     3 ||     5
       Fruit             |       |       |       |     1 ||     1
Armor: Skin              |     6 |       |    10 |    18 ||    34
Dodge: Dodged            |    53 |    39 |   212 |    89 ||   393
Block: Other             |       |       |       |     2 ||     2
